AoeStats
← the British dog

Black Forest

508855863Analyzed
3v3 RM · 7d ago on Sep 24, 2026· 65m 27s· 6 players
Game mode
Random Map
Map size
Normal (6 player)
Population
200
Speed
Normal
Resources
Standard
Victory
Conquest
Starting age
Dark Age
Ending age
Imperial Age
RankedLock teamsTeams togetherTeam positionsShared explorationLock speedFull tech treeHidden civsTurbo modeCheats
Victory
Defeat
🇺🇸 Varangians · United States
789
+16
🇦🇺 Spanish · Australia
761
+17
🇹🇷 Franks · Türkiye
731
+19
🇿🇦 Mongols · South Africa
834
-19
🇿🇦 Lithuanians · South Africa
788
-17
🇬🇧 Spanish · United Kingdom
758
-16
gaaraofbenton10
1:02 Loom
16:02 Feudal Age
17:21 Double-Bit Axe
20:37 Wheelbarrow
26:34 Castle Age
27:38 Bow Saw
27:48 Horse Collar
28:18 Husbandry
28:28 Bloodlines
28:32 Forging
30:56 Hand Cart
32:33 Gold Mining
34:38 Iron Casting
34:09 Scale Barding Armor
36:02 Heavy Plow
39:21 Imperial Age
37:58 Caravan
40:04 Vendel Legacy
40:55 Cavalier
41:01 Cavalier
42:58 Two-Man Saw
43:35 Chain Barding Armor
44:16 Blast Furnace
44:40 Conscription
44:59 Plate Barding Armor
54:29 Light Cavalry
55:43 Hussar
Mert
0:39 Loom
15:10 Feudal Age
15:52 Double-Bit Axe
20:40 Castle Age
19:11 Scale Barding Armor
20:42 Forging
21:57 Wheelbarrow
21:47 Bow Saw
21:58 Town Watch
24:19 Gold Mining
25:56 Gold Shaft Mining
25:55 Stone Mining
28:19 Caravan
29:40 Hand Cart
29:41 Town Patrol
31:41 Treadmill Crane
33:09 Chain Barding Armor
33:24 Iron Casting
33:22 Coinage
34:19 Padded Archer Armor
34:09 Fletching
34:19 Scale Mail Armor
37:40 Imperial Age
36:17 Leather Archer Armor
36:24 Masonry
36:24 Fortified Wall
36:45 Bodkin Arrow
36:52 Husbandry
37:42 Chain Mail Armor
39:08 Chivalry
39:29 Conscription
39:45 Hoardings
38:33 Cavalier
40:30 Banking
41:04 Blast Furnace
40:39 Plate Barding Armor
40:02 Paladin
40:03 Light Cavalry
42:37 Plate Mail Armor
43:50 Chemistry
43:10 Ballistics
42:36 Arrowslits
42:46 Murder Holes
42:57 Siege Engineers
43:22 Architecture
43:03 Arson
43:18 Squires
43:03 Gambesons
42:44 Ordonnance Companies
42:53 Ordonnance Companies
46:47 Elite Throwing Axeman
46:52 Pikeman
46:53 Man-at-Arms
47:55 Long Swordsman
awsdaws23
13:43 Feudal Age
12:18 Loom
17:59 Castle Age
16:18 Double-Bit Axe
16:27 Horse Collar
24:17 Town Watch
29:21 Bow Saw
29:49 Fortified Wall
36:15 Imperial Age
34:35 Heavy Plow
34:52 Stone Mining
36:22 Scale Barding Armor
38:45 Wheelbarrow
39:20 Two-Man Saw
39:32 Ballistics
43:37 Conscription
43:52 Gold Mining
44:38 Stone Shaft Mining
44:57 Husbandry
45:08 Bloodlines
46:07 Elite Conquistador
47:47 Chain Barding Armor
47:35 Padded Archer Armor
47:46 Forging
47:51 Cavalier
51:12 Iron Casting
58:27 Plate Barding Armor
58:10 Leather Archer Armor
57:47 Fletching
58:57 Blast Furnace
57:58 Scale Mail Armor
57:31 Pikeman
60:58 Caravan
61:00 Bodkin Arrow
61:36 Ring Archer Armor
the British dog
15:06 Feudal Age
20:11 Castle Age
19:23 Double-Bit Axe
19:30 Stone Mining
19:30 Gold Mining
20:36 Wheelbarrow
23:39 Bow Saw
24:37 Stone Shaft Mining
26:05 Horse Collar
31:44 Ballistics
34:10 Imperial Age
33:40 Hand Cart
36:13 Chemistry
35:20 Caravan
35:54 Coinage
35:40 Guilds
35:43 Scale Barding Armor
38:29 Two-Man Saw
37:40 Heavy Plow
39:26 Elite Conquistador
41:27 Forging
41:38 Chain Barding Armor
41:19 Scale Mail Armor
41:10 Fletching
41:21 Padded Archer Armor
42:45 Iron Casting
59:30 Plate Barding Armor
59:59 Blast Furnace
Realistic_ZA
7:44 Loom
15:50 Feudal Age
20:37 Castle Age
19:25 Horse Collar
19:33 Double-Bit Axe
22:30 Wheelbarrow
26:36 Bow Saw
31:05 Heavy Plow
31:06 Town Watch
34:15 Hand Cart
34:18 Town Patrol
36:18 Scale Barding Armor
36:29 Forging
36:29 Squires
36:15 Arson
40:26 Imperial Age
39:38 Husbandry
41:43 Tower Shields
42:04 Conscription
41:05 Elite Leitis
42:12 Cavalier
43:04 Bloodlines
43:18 Chain Barding Armor
43:37 Iron Casting
45:12 Caravan
45:12 Paladin
46:56 Crop Rotation
47:21 Plate Barding Armor
48:22 Fortified Wall
53:10 Chemistry
52:31 Ballistics
53:01 Pikeman
53:59 Scale Mail Armor
55:00 Chain Mail Armor
54:27 Halberdier
Marcus Aurelius
0:35 Loom
15:42 Feudal Age
20:54 Castle Age
19:14 Double-Bit Axe
24:00 Bow Saw
25:53 Horse Collar
30:29 Fletching
30:40 Padded Archer Armor
30:51 Forging
30:42 Scale Mail Armor
30:47 Scale Barding Armor
34:11 Caravan
34:36 Thumb Ring
33:53 Crossbowman
39:33 Imperial Age
37:19 Man-at-Arms
37:20 Pikeman
38:01 Squires
37:47 Arson
37:27 Elite Skirmisher
38:11 Husbandry
39:51 Bloodlines
39:04 Light Cavalry
40:20 Elite Mangudai
40:46 Onager
42:52 Wheelbarrow
42:03 Town Watch
41:45 Capped Ram
43:52 Siege Onager
44:52 Siege Ram
46:44 Heavy Camel Rider
50:40 Leather Archer Armor
50:20 Bodkin Arrow
51:01 Iron Casting
50:42 Chain Mail Armor
50:48 Chain Barding Armor
Connection lost

Rejoining the realm…

Still unreachable

The connection could not be restored.

Session expired

The server has moved on; the page needs a fresh start.